PUB
PHILADELPHIA ATHLETICS @ CALIFORNIA SEALS
07/01/1972
 
TOP OF THE 1ST
Philadelphia Athletics batting - Pitching for California Seals : RHP Wesley Lerma
Pitching: RHP Wesley Lerma
Batting: RHB Carl Plumer 0-0: Called Strike
0-1: Foul Ball, location: 2F
0-2: Foul Ball, location: 7LDF
0-2: Strikes out swinging
Batting: LHB Graham Burch 0-0: Fly out, F8 (Flyball, 8RXD, EV 108.8 MPH)
Batting: RHB Bobby Bonds 0-0: Ball
1-0: SINGLE (Line Drive, 6MD, EV 99.4 MPH)
Batting: RHB Steve Garvey 0-0: Ball
Bobby Bonds is caught stealing 2nd base 2-4
Top of the 1st over - 0 runs, 1 hit, 0 errors, 0 left on base; Philadelphia 0 - California 0
BOTTOM OF THE 1ST
California Seals batting - Pitching for Philadelphia Athletics : RHP Darryl Daniel
Pitching: RHP Darryl Daniel
Batting: RHB Cleon Jones 0-0: Swinging Strike
0-1: Swinging Strike
0-2: Ball
1-2: Ball
2-2: Ball
3-2: Strikes out swinging
Batting: LHB Nick Nix 0-0: Called Strike
0-1: Foul Ball, location: 25F
0-2: Foul Ball, location: 25F
0-2: Ground out 4-3 (Groundball, 34, EV 93.1 MPH)
Batting: LHB Peter Brantley 0-0: Swinging Strike
0-1: Ball
1-1: Ball
2-1: Called Strike
2-2: DOUBLE (Line Drive, 3D, EV 98.8 MPH)
Batting: LHB Mack Jones 0-0: Swinging Strike
0-1: Ball
1-1: Fly out, F5 (Popup, 25, EV 87.5 MPH)
Bottom of the 1st over - 0 runs, 1 hit, 0 errors, 1 left on base; Philadelphia 0 - California 0
TOP OF THE 2ND
Philadelphia Athletics batting - Pitching for California Seals : RHP Wesley Lerma
Batting: RHB Steve Garvey 0-0: Ball
1-0: Ball
2-0: Foul Ball, location: 9LSF
2-1: Ground out 6-3 (Groundball, 6, EV 89.4 MPH)
Batting: RHB Reginald Smith 0-0: Swinging Strike
0-1: Foul Ball, location: 7LSF
0-2: Strikes out swinging
Batting: LHB Ed Kirkpatrick 0-0: Ball
1-0: Ball
2-0: Fly out, F8 (Line Drive, 8LS, EV 98.8 MPH)
Top of the 2nd over - 0 runs, 0 hits, 0 errors, 0 left on base; Philadelphia 0 - California 0
BOTTOM OF THE 2ND
California Seals batting - Pitching for Philadelphia Athletics : RHP Darryl Daniel
Batting: RHB Jeremy Espinosa 0-0: Called Strike
0-1: Ball
1-1: Fly out, F9 (Flyball, 9, EV 91.3 MPH)
Batting: SHB Jim Lefebvre 0-0: Ball
1-0: Foul Ball, location: 2F
1-1: Swinging Strike
1-2: Strikes out swinging
Batting: RHB Jimmy Rivers 0-0: Swinging Strike
0-1: Fly out, F9 (Flyball, 89D, EV 98.8 MPH)
Bottom of the 2nd over - 0 runs, 0 hits, 0 errors, 0 left on base; Philadelphia 0 - California 0
TOP OF THE 3RD
Philadelphia Athletics batting - Pitching for California Seals : RHP Wesley Lerma
Batting: RHB Toby Harrah 0-0: Ball
1-0: Called Strike
1-1: Ball
2-1: Foul Ball, location: 23F
2-2: Ground out 5-3 (Groundball, 56S, EV 66.3 MPH)
Batting: RHB António Gutiérrez 0-0: SINGLE (Flyball, 5D, EV 79.4 MPH)
Batting: RHB Darryl Daniel 0-0: Ball
1-0: Ball
2-0: Bunted foul
2-1: Sac Bunt to 2R - play at first, batter OUT! 2-3
António Gutiérrez to second
Batting: RHB Carl Plumer 0-0: Swinging Strike
0-1: Foul Ball, location: 9LSF
0-2: Ball
1-2: Foul Ball, location: 9LSF
1-2: Strikes out swinging
Top of the 3rd over - 0 runs, 1 hit, 0 errors, 1 left on base; Philadelphia 0 - California 0
BOTTOM OF THE 3RD
California Seals batting - Pitching for Philadelphia Athletics : RHP Darryl Daniel
Batting: RHB Micheal Cain 0-0: Ball
1-0: Swinging Strike
1-1: Foul Ball, location: 9LMF
1-2: Ball
2-2: Ground out 5-3 (Groundball, 5, EV 86.3 MPH)
Batting: SHB Wesley Lerma 0-0: Fly out, F8 (Flyball, 8LD, EV 88.1 MPH)
Batting: RHB Cleon Jones 0-0: Swinging Strike
0-1: Swinging Strike
0-2: Strikes out swinging
Bottom of the 3rd over - 0 runs, 0 hits, 0 errors, 0 left on base; Philadelphia 0 - California 0
TOP OF THE 4TH
Philadelphia Athletics batting - Pitching for California Seals : RHP Wesley Lerma
Batting: LHB Graham Burch 0-0: Swinging Strike
0-1: Called Strike
0-2: Foul Ball, location: 9LSF
0-2: Ball
1-2: Ball
2-2: Ball
3-2: Strikes out swinging
Batting: RHB Bobby Bonds 0-0: Called Strike
0-1: SOLO HOME RUN (Flyball, 9LD, EV 96.9 MPH), Distance : 362 ft
Batting: RHB Steve Garvey 0-0: Ball
1-0: Ball
2-0: Foul Ball, location: 3F
2-1: Swinging Strike
2-2: Strikes out looking
Batting: RHB Reginald Smith 0-0: Ball
1-0: Swinging Strike
1-1: Called Strike
1-2: Strikes out swinging
Top of the 4th over - 1 run, 1 hit, 0 errors, 0 left on base; Philadelphia 1 - California 0
BOTTOM OF THE 4TH
California Seals batting - Pitching for Philadelphia Athletics : RHP Darryl Daniel
Batting: LHB Nick Nix 0-0: Ball
1-0: Ball
2-0: DOUBLE (Line Drive, 9LM, EV 90.6 MPH)
Batting: LHB Peter Brantley 0-0: Foul Ball, location: 9LMF
0-1: Ground out U3 (Groundball, 3, EV 80.0 MPH)
Nick Nix to third
Batting: LHB Mack Jones 0-0: Foul Ball, location: 7LDF
0-1: Ball
1-1: Ball
2-1: Foul Ball, location: 5FF
2-2: Strikes out swinging
Batting: RHB Jeremy Espinosa 0-0: Ball
1-0: Ball
2-0: Called Strike
2-1: Ball
3-1: Called Strike
3-2: DOUBLE (Line Drive, 89D, EV 103.8 MPH)
Nick Nix scores
Batting: SHB Jim Lefebvre 0-0: Ground out 3-1 (Groundball, 34S, EV 90.6 MPH)
Bottom of the 4th over - 1 run, 2 hits, 0 errors, 1 left on base; Philadelphia 1 - California 1
TOP OF THE 5TH
Philadelphia Athletics batting - Pitching for California Seals : RHP Wesley Lerma
Batting: LHB Ed Kirkpatrick 0-0: Called Strike
0-1: Ball
1-1: SOLO HOME RUN (Flyball, 9D, EV 103.1 MPH), Distance : 395 ft
Batting: RHB Toby Harrah 0-0: Ball
1-0: Called Strike
1-1: Swinging Strike
1-2: Foul Ball, location: 25F
1-2: Strikes out swinging
Batting: RHB António Gutiérrez 0-0: Ground out 6-3 (Groundball, 6, EV 86.3 MPH)
Batting: RHB Darryl Daniel 0-0: Foul Ball, location: 2LF
0-1: Foul Ball, location: 5FF
0-2: Fly out, F8 (Flyball, 8LD, EV 100.6 MPH)
Top of the 5th over - 1 run, 1 hit, 0 errors, 0 left on base; Philadelphia 2 - California 1
BOTTOM OF THE 5TH
California Seals batting - Pitching for Philadelphia Athletics : RHP Darryl Daniel
Batting: RHB Jimmy Rivers 0-0: Ball
1-0: Called Strike
1-1: Ball
2-1: DOUBLE (Flyball, 89D, EV 88.8 MPH)
Batting: RHB Micheal Cain 0-0: Ball
1-0: Ball
2-0: 2-RUN HOME RUN (Flyball, 78XD, EV 108.8 MPH), Distance : 409 ft
Batting: SHB Wesley Lerma 0-0: Foul Ball, location: 5F
0-1: Swinging Strike
0-2: Ball
1-2: Ball
2-2: Strikes out swinging
Batting: RHB Cleon Jones 0-0: Swinging Strike
0-1: Ball
1-1: Called Strike
1-2: SINGLE (Groundball, 6MD, EV 102.5 MPH)
Batting: LHB Nick Nix 0-0: Called Strike
0-1: Ball
1-1: Foul Ball, location: 7LSF
1-2: Ball
2-2: Ball
3-2: 2-RUN HOME RUN (Line Drive, 8LXD, EV 110.0 MPH), Distance : 451 ft
Batting: LHB Peter Brantley 0-0: Ball
1-0: Called Strike
1-1: Foul Ball, location: 5F
1-2: Strikes out swinging
Batting: LHB Mack Jones 0-0: Hit by Pitch
Batting: RHB Jeremy Espinosa 0-0: Ball
1-0: Ball
2-0: Foul Ball, location: 3F
2-1: Ball
3-1: Swinging Strike
3-2: Ground out 5-3 (Groundball, 5S, EV 84.4 MPH)
Bottom of the 5th over - 4 runs, 4 hits, 0 errors, 1 left on base; Philadelphia 2 - California 5
TOP OF THE 6TH
Philadelphia Athletics batting - Pitching for California Seals : RHP Wesley Lerma
Batting: RHB Carl Plumer 0-0: Swinging Strike
0-1: Fly out, F7 (Line Drive, 7S, EV 90.6 MPH)
Batting: LHB Graham Burch 0-0: Called Strike
0-1: Called Strike
0-2: Ball
1-2: Fly out, F8 (Flyball, 8LM, EV 87.5 MPH)
Batting: RHB Bobby Bonds 0-0: Ball
1-0: Swinging Strike
1-1: Called Strike
1-2: Foul Ball, location: 2F
1-2: Ball
2-2: SINGLE (Flyball, 5D, EV 94.4 MPH)
Batting: RHB Steve Garvey 0-0: Called Strike
Bobby Bonds steals 2nd, throwing error, E2
Bobby Bonds to third
0-1: Ball
1-1: Foul Ball, location: 5DF
1-2: Foul Ball, location: 9LDF
1-2: Ground out 5-3 (Groundball, 5L, EV 102.5 MPH)
Top of the 6th over - 0 runs, 1 hit, 1 error, 1 left on base; Philadelphia 2 - California 5
BOTTOM OF THE 6TH
California Seals batting - Pitching for Philadelphia Athletics : RHP Darryl Daniel
Batting: SHB Jim Lefebvre 0-0: Ball
1-0: Called Strike
1-1: Called Strike
1-2: Foul Ball, location: 5SF
1-2: Ball
2-2: Ball
3-2: Base on Balls
Batting: RHB Jimmy Rivers 0-0: Bunt missed!
0-1: Ball
1-1: Bunt missed!
1-2: Grounds into double play, 5-4-3 (Groundball, 56S, EV 83.1 MPH)
Batting: RHB Micheal Cain 0-0: Ball
1-0: Ball
2-0: Ball
3-0: Called Strike
3-1: Called Strike
3-2: Base on Balls
Batting: SHB Wesley Lerma 0-0: Ball
1-0: Swinging Strike
1-1: Foul Ball, location: 2F
1-2: Ball
2-2: Ball
3-2: Strikes out swinging
Bottom of the 6th over - 0 runs, 0 hits, 0 errors, 1 left on base; Philadelphia 2 - California 5
TOP OF THE 7TH
Philadelphia Athletics batting - Pitching for California Seals : RHP Wesley Lerma
Batting: RHB Reginald Smith 0-0: Foul Ball, location: 2F
0-1: Ball
1-1: Ball
2-1: Called Strike
2-2: Foul Ball, location: 2F
2-2: Strikes out swinging
Batting: LHB Ed Kirkpatrick 0-0: Swinging Strike
0-1: Fly out, F6 (Popup, 6M, EV 69.4 MPH)
Batting: RHB Toby Harrah 0-0: Ball
1-0: Foul Ball, location: 9LMF
1-1: Ball
2-1: Ball
3-1: Foul Ball, location: 9LMF
3-2: Strikes out swinging
Top of the 7th over - 0 runs, 0 hits, 0 errors, 0 left on base; Philadelphia 2 - California 5
BOTTOM OF THE 7TH
California Seals batting - Pitching for Philadelphia Athletics : RHP Darryl Daniel
Pitching: RHP Bengt Brouwers
Batting: RHB Cleon Jones 0-0: Called Strike
0-1: Called Strike
0-2: Ball
1-2: Foul Ball, location: 9LDF
1-2: Foul Ball, location: 2F
1-2: Strikes out swinging
Batting: LHB Nick Nix 0-0: Called Strike
0-1: Ball
1-1: Foul Ball, location: 2F
1-2: Foul Ball, location: 2RF
1-2: Strikes out swinging
Batting: LHB Peter Brantley 0-0: Ground out 4-3 (Groundball, 4, EV 90.6 MPH)
Bottom of the 7th over - 0 runs, 0 hits, 0 errors, 0 left on base; Philadelphia 2 - California 5
TOP OF THE 8TH
Philadelphia Athletics batting - Pitching for California Seals : RHP Wesley Lerma
Batting: RHB António Gutiérrez 0-0: Ball
1-0: Called Strike
1-1: Ball
2-1: SINGLE (Line Drive, 6MD, EV 105.6 MPH)
Pinch Hitting: RHB Lou Piniella 0-0: Ball
1-0: Foul Ball, location: 2F
1-1: Fly out, F8 (Flyball, 8LM, EV 79.4 MPH)
Batting: RHB Carl Plumer 0-0: Ball
1-0: Ball
2-0: Swinging Strike
2-1: Ball
3-1: Fly out, F8 (Flyball, 89M, EV 87.5 MPH)
Batting: LHB Graham Burch 0-0: Called Strike
0-1: Ball
1-1: Ball
2-1: Ball
3-1: Fielders Choice at 2nd, 5-4 (Groundball, 5L, EV 88.8 MPH)
Top of the 8th over - 0 runs, 1 hit, 0 errors, 1 left on base; Philadelphia 2 - California 5
BOTTOM OF THE 8TH
California Seals batting - Pitching for Philadelphia Athletics : RHP Bengt Brouwers
Pitching: LHP Lance O'Connor
Batting: LHB Mack Jones 0-0: Called Strike
0-1: Foul Ball, location: 2F
0-2: Strikes out swinging
Batting: RHB Jeremy Espinosa 0-0: Ball
1-0: Hit by Pitch
Batting: SHB Jim Lefebvre 0-0: Ball
1-0: Ball
2-0: Ball
3-0: Base on Balls
Jeremy Espinosa to second
Batting: RHB Jimmy Rivers 0-0: Foul Ball, location: 2F
0-1: Ball
1-1: Ball
2-1: Foul Ball, location: 5F
2-2: Foul Ball, location: 3DF
2-2: Strikes out swinging
Batting: RHB Micheal Cain 0-0: Foul Ball, location: 25F
0-1: Ball
1-1: Foul Ball, location: 9LMF
1-2: Strikes out swinging
Bottom of the 8th over - 0 runs, 0 hits, 0 errors, 2 left on base; Philadelphia 2 - California 5
TOP OF THE 9TH
Philadelphia Athletics batting - Pitching for California Seals : RHP Wesley Lerma
Batting: RHB Bobby Bonds 0-0: Ball
1-0: Ball
2-0: Swinging Strike
2-1: Foul Ball, location: 5DF
2-2: Ball
3-2: Foul Ball, location: 2F
3-2: Foul Ball, location: 2F
3-2: Ground out 6-3 (Groundball, 6, EV 81.3 MPH)
Batting: RHB Steve Garvey 0-0: Ball
1-0: Ball
2-0: SINGLE (Groundball, 6D, EV 107.5 MPH)
Batting: RHB Reginald Smith 0-0: Foul Ball, location: 3F
0-1: Ground out 4-3 (Groundball, 34S, EV 79.4 MPH)
Steve Garvey to second
Batting: LHB Ed Kirkpatrick 0-0: Ball
1-0: Foul Ball, location: 7LMF
1-1: Ground out 4-3 (Groundball, 4, EV 91.3 MPH)
Top of the 9th over - 0 runs, 1 hit, 0 errors, 1 left on base; Philadelphia 2 - California 5
Wednesday, April 3rd , 2024 - OOTP Baseball 24.8 Build 75